 Dungeon Crawl Stone Soup version 0.21-a0-78-g82a99e0 (webtiles) character file.

1154 Kidiri the Skirmisher (level 8, -2/60 HPs)
             Began as a Demonspawn Transmuter on June 21, 2017.
             Was an Initiate of Wu Jian.
             Slain by an ice beast (12 damage)
             ... on level 5 of the Dungeon.
             The game lasted 00:18:27 (5725 turns).

Kidiri the Skirmisher (Demonspawn Transmuter)       Turns: 5725, Time: 00:18:29

Health: -2/60      AC:  5    Str: 12    XL:     8   Next: 16%
Magic:  0/13       EV: 14    Int: 15    God:    Wu Jian [......]
Gold:   338        SH:  0    Dex: 14    Spells: 4/14 levels left

rFire    + . .     SeeInvis +     - Unarmed
rCold    . . .     Gourm    .   (no shield)
rNeg     . . .     Faith    .   x - +0 leather armour
rPois    .         Spirit   +   (helmet restricted)
rElec    .         Reflect  .   (no cloak)
rCorr    .         Harm     .   l - +0 pair of gloves
MR       .....                  k - +0 pair of boots
Stlth    ++........             (no amulet)
HPRegen  0.20/turn              m - ring of fire
MPRegen  0.13/turn              p - ring of wizardry

@: no status effects
A: antennae 1, see invisible, cold resistance 1, magic shield, sturdy frame 1
a: Renounce Religion


You were on level 5 of the Dungeon.
You worshipped Wu Jian.
Wu Jian was noncommittal.
You were hungry.

You visited 2 branches of the dungeon, and saw 6 of its levels.

You collected 338 gold pieces.

Inventory:

Missiles
 a - 52 arrows
Armour
 k - a +0 pair of boots (worn)
 l - a +0 pair of gloves (worn)
 x - a +0 leather armour (worn)
Jewellery
 m - a ring of fire (left hand)
 p - a ring of wizardry (right hand)
Wands
 b - a wand of digging (12/24)
 v - a wand of scattershot (4/9)
Scrolls
 f - a scroll of amnesia
 g - 2 scrolls of recharging {unknown}
 i - a scroll of fear
 n - 4 scrolls of remove curse
 o - 3 scrolls of teleportation
 t - a scroll of magic mapping
 w - a scroll of enchant weapon {unknown}
Potions
 e - 2 potions of mutation
 h - a potion of curing
 j - 3 potions of berserk rage
 q - a potion of agility
 r - a potion of ambrosia
 u - a potion of haste
Books
 c - a book of Changes

   Spells                             Type                      Level
   a - Beastly Appendage              Transmutation                1
   b - Sticks to Snakes               Transmutation                2
   c - Spider Form                    Transmutation/Poison         3
   d - Ice Form                       Ice/Transmutation            4
   e - Blade Hands                    Transmutation                5
Comestibles
 d - 8 bread rations
 s - a meat ration
 z - a chunk of flesh


   Skills:
 * Level 4.2 Fighting
 + Level 2.0 Armour
 * Level 3.9 Dodging
 + Level 2.5 Stealth
 * Level 4.1 Unarmed Combat
 * Level 3.6 Spellcasting
 * Level 3.9 Transmutations
 + Level 0.3 Ice Magic
 + Level 1.9 Poison Magic


You had 4 spell levels left.
You knew the following spells:

 Your Spells              Type           Power        Failure   Level  Hunger
a - Beastly Appendage     Tmut           ##....       1%          1    None
b - Sticks to Snakes      Tmut           ##......     2%          2    ##.....
c - Spider Form           Tmut/Pois      ##........   7%          3    ###....
d - Ice Form              Ice/Tmut       #.......     32%         4    ####...


Dungeon Overview and Level Annotations

Branches:
Dungeon (5/15)             Temple (1/1) D:4

Altars:
Ashenzari
Cheibriados
Elyvilon
Gozag
Hepliaklqana
Kikubaaqudgha
Makhleb
Nemelex Xobeh
Okawaru
Qazlal
Ru
Sif Muna
Vehumet
Wu Jian
Xom
Yredelemnul
The Shining One

Shops:
D:4 [

Annotations:
D:5 exclusions: ice beast and phantom


Innate Abilities, Weirdness & Mutations

You have a pair of small antennae on your head.
When hurt, damage is shared between your health and your magic reserves.
Your movements are slightly less encumbered by armour. (ER -2)
You have supernaturally acute eyesight. (SInv)
Your flesh is cold resistant. (rC+)


Message History

The ice beast freezes you!
* * * LOW HITPOINT WARNING * * *
You barely miss the ice beast.
The ice beast is severely wounded.
Your ball python bites the ice beast but does no damage.
The ice beast barely misses your ball python.
Unknown command.
You hit the ice beast but do no damage.
The ice beast is severely wounded.
Your ball python barely misses the ice beast.
The ice beast barely misses you.
Unknown command.
Your ball python barely misses the ice beast.
You feel better.
Your ball python bites the ice beast but does no damage.
Your ball python closely misses the ice beast.
The ice beast hits you.
* * * LOW HITPOINT WARNING * * *
The ice beast freezes you!
You die...

#.##..#.#..#....#.#
###.##..#.#..#..#.#..
#.................#.#
###..#.##.##.#..#.#.#
#.................#
#.Z#.#..##.#..#.#.#
#S............#.#.#
##Y#.#.............
#@#.#..##.#..#.#.#
#.#.#..##.#..#.#.#
###.#.......<..#.#.#
...................#
##.###.######......
#.# #.####.......#
#.# #.............
#.# #.####.#.#....
#.# #.# #.#......


You could see an ice beast, a leopard gecko zombie and a friendly ball python.

Vanquished Creatures
  Prince Ribbit (D:5)
  Edmund (D:5)
  A slave (D:5)
  An ogre (D:4)
  A bullfrog (D:5)
  A bullfrog zombie (D:5)
  A hound (D:5)
  An orc wizard (D:5)
  3 worker ants (D:4)
  3 adders
  A howler monkey skeleton (D:4)
  A river rat (D:4)
  2 worms
  A leopard gecko (D:1)
  9 orcs
  3 ball pythons
  4 giant cockroaches
  5 goblins (D:1)
  9 hobgoblins
  6 jackals
  2 quokkas
  A ball python skeleton (D:4)
  5 bats
  2 frilled lizards
  5 kobolds
  7 rats
77 creatures vanquished.

Vanquished Creatures (collateral kills)
  Pikel (D:5)
1 creature vanquished.

Vanquished Creatures (others)
  A phantom (D:5)
  5 toadstools (D:1)
6 creatures vanquished.

Grand Total: 84 creatures vanquished

Notes
Turn   | Place    | Note
-------+----------+-------------------------------------------
     0 | D:1      | Kidiri the Demonspawn Transmuter began the quest for the Orb.
     0 | D:1      | Reached XP level 1. HP: 15/15 MP: 3/3
   334 | D:1      | Gained mutation: You have a pair of small antennae on your head. [demonic ancestry]
   334 | D:1      | Reached XP level 2. HP: 19/21 MP: 5/5
   341 | D:1      | Learned a level 2 spell: Sticks to Snakes
  1704 | D:2      | Gained mutation: Your movements are slightly less encumbered by armour. (ER -2) [demonic ancestry]
  1704 | D:2      | Reached XP level 3. HP: 14/26 MP: 6/6
  1721 | D:2      | Learned a level 3 spell: Spider Form
  2174 | D:2      | Found a faded altar of an unknown god.
  2508 | D:3      | Found a radiant altar of Vehumet.
  2751 | D:3      | Gained mutation: Your flesh is cold resistant. (rC+) [potion of mutation]
  2751 | D:3      | Gained mutation: You have supernaturally acute eyesight. (SInv) [potion of mutation]
  2956 | D:4      | Reached skill level 1 in Stealth
  2956 | D:4      | Reached XP level 4. HP: 30/33 MP: 3/7
  3056 | D:4      | Noticed an ogre
  3124 | D:4      | Killed an ogre
  3124 | D:4      | Reached skill level 1 in Armour
  3124 | D:4      | Gained mutation: When hurt, damage is shared between your health and your magic reserves. [demonic ancestry]
  3124 | D:4      | Reached XP level 5. HP: 9/39 MP: 5/8
  3448 | D:4      | Found a staircase to the Ecumenical Temple.
  3504 | D:4      | Found Yla Neg's Armour Boutique.
  3949 | Temple   | Entered the Ecumenical Temple
  4101 | Temple   | Became a worshipper of the Wu Jian Council
  4230 | D:5      | Entered Level 5 of the Dungeon
  4258 | D:5      | Noticed a phantom
  4554 | D:5      | Reached XP level 6. HP: 46/46 MP: 5/9
  4627 | D:5      | Noticed Edmund
  4647 | D:5      | Killed Edmund
  4896 | D:5      | Reached skill level 1 in Poison Magic
  4956 | D:5      | Noticed an ice beast
  4979 | D:5      | Noticed Prince Ribbit
  5016 | D:5      | Noticed a slave
  5016 | D:5      | Noticed a slave
  5017 | D:5      | Noticed Pikel
  5023 | D:5      | Noticed a slave
  5032 | D:5      | Noticed a slave
  5046 | D:5      | Killed a slave
  5068 | D:5      | Killed Pikel
  5068 | D:5      | Reached XP level 7. HP: 16/53 MP: 2/11
  5291 | D:5      | Learned a level 4 spell: Ice Form
  5709 | D:5      | Killed Prince Ribbit
  5709 | D:5      | Reached XP level 8. HP: 17/60 MP: 1/13
  5725 | D:5      | Slain by an ice beast

Vault maps used:
D:1:      ldierk_walled_garden, grunt_decor_resistance, minmay_misc_feat_encased
D:2:      chequers_ecumenical_altar_twisty, first_bread,
          minmay_misc_feat_diagonals
D:3:      old_standard_altar
D:4:      minmay_temple_entry_fiery, portal_sewer_entry_c, serial_shops,
          nicolae_shop_temple_entry_statues_fountains
D:5:      uniq_prince_ribbit1, uniq_edmund, uniq_pikel
Temple:   regret_index_temple_sphere_string

Skill      XL: |  1  2  3  4  5  6  7 |
---------------+----------------------+-----
Transmutations | 2 3 |  3.9
Dodging        | 2 3 |  3.9
Fighting       | 2 3 4 |  4.2
Stealth        | 1 2 |  2.5
Armour         | 1 2 |  2.0
Unarmed Combat | 3 4 |  4.1
Poison Magic   | 1 |  1.9
Spellcasting   | 3 |  3.6
Ice Magic      | |  0.3

Action                   |  1- 3 |  4- 6 |  7- 9 || total
-------------------------+-------+-------+-------++-------
Melee: Unarmed           |   193 |   148 |    41 ||   382
       Headbutt          |     2 |       |       ||     2
       Kick              |     5 |       |       ||     5
       Punch             |     1 |       |       ||     1
 Cast: Beastly Appendage |     8 |       |       ||     8
       Spider Form       |     7 |    13 |     3 ||    23
       Sticks to Snakes  |       |     4 |     2 ||     6
  Use: Scroll            |    10 |     3 |     1 ||    14
       Potion            |     1 |     1 |     2 ||     4
 Stab: Sleeping          |     3 |     4 |       ||     7
       Distracted        |       |     1 |       ||     1
  Eat: Chunk             |     4 |     6 |       ||    10
       Royal jelly       |     2 |     2 |       ||     4
       Fruit             |       |     1 |       ||     1
Armor: Robe              |    36 |     5 |       ||    41
       Skin              |       |     6 |     1 ||     7
       Leather armour    |       |     6 |     4 ||    10
Dodge: Dodged            |   125 |   103 |    35 ||   263
